 Dungeon Crawl Stone Soup version 0.31-a0-845-g9abc20d24f (webtiles) character file.

Game seed: 8864391275974084241

132 Shayle the Conjurer (level 4, -14/35 HPs)
             Began as a Demonspawn Reaver on Oct 2, 2023.
             Killed by an exploding hobgoblin (24 damage)
             ... ignited by their inner flame
             ... on level 3 of the Dungeon.
             The game lasted 00:06:11 (2139 turns).

Shayle the Conjurer (Demonspawn Reaver)             Turns: 2139, Time: 00:06:12

Health: -14/35     AC:  3    Str: 12    XL:     4   Next: 92%
Magic:  8/8        EV: 11    Int: 16    God:
Gold:   117        SH:  9    Dex: 12    Spells: 5/8 levels left

rFire   . . .        a - +1 spear
rCold   . . .        (no shield)
rNeg    . . .        b - +0 leather armour
rPois   .            (no helmet)
rElec   .            (no cloak)
rCorr   .            (no gloves)
SInv    .            (no boots)
Will    +....        q - amulet of reflection
Stlth   +            e - +4 ring of slaying
HPRegen 0.25/turn    (no ring)
MPRegen 0.11/turn

%: reflection
@: brilliant, enlightened, flying, invisible
A: large bone plates 1, demonic magic 2
a: no special abilities


You were on level 3 of the Dungeon.
You visited 1 branch of the dungeon, and saw 3 of its levels.

You collected 117 gold pieces.

Inventory:

Hand Weapons
 a - a +1 spear (weapon)
Armour
 b - a +0 leather armour (worn)
Jewellery
 e - a +4 ring of slaying (left hand)
 q - an amulet of reflection (around neck)
Scrolls
 d - 2 scrolls of identify
 n - a scroll of revelation
 o - 2 scrolls of enchant armour
Potions
 h - a potion of cancellation
 p - 3 potions of lignification


   Skills:
 + Level 3.0 Fighting
 - Level 2.6 Polearms
 + Level 1.8 Armour
 - Level 1.7 Dodging
 + Level 2.9 Spellcasting
 - Level 3.0 Conjurations
 + Level 2.3 Necromancy


You had 5 spell levels left.
You knew the following spells:

 Your Spells              Type           Power      Damage    Failure   Level
a - Kiss of Death         Conj/Necr      64%        2d10      9%          1
b - Blink                 Tloc           6%         N/A       36%         2

Your spell library contained the following spells:

 Spells                   Type           Power      Damage    Failure   Level
 Momentum Strike          Conj/Tloc      20%        3d8       21%         2
 Lesser Beckoning         Tloc           6%         N/A       36%         2
 Hailstorm                Conj/Ice       10%        3d5       36%         3
 Ozocubu's Armour         Ice            3%         N/A       58%         3
 Metabolic Englaciation   Hex/Ice        1%         N/A       100%        5
 Simulacrum               Ice/Necr       4%         N/A       100%        6


Dungeon Overview and Level Annotations

Branches:
Dungeon (3/15)

Altars:
Qazlal
Uskayaw


Innate Abilities, Weirdness & Mutations

You are partially covered in large bone plates. (SH +4)
Spells you cast may paralyse nearby enemies.


Message History

The hobgoblin attacks as it pursues you!
The hobgoblin hits you with a +0 club. You block the hobgoblin's attack.
Okay, then.
The orc hits you with a +0 dagger. The hobgoblin closely misses you.
You block the orc's attack. You block the hobgoblin's attack.
You block the orc's attack.
A goblin comes into view. It is wielding a +0 sling.
The orc hits you with a +0 dagger. You block the hobgoblin's attack. x2
The orc hits you with a +0 dagger.
The hobgoblin hits you but does no damage.
The hobgoblin barely misses you. The orc closely misses you.
The hobgoblin barely misses you.
A hobgoblin comes into view. It is wielding a +0 club.
The hobgoblin hits you with a +0 club. You block the orc's attack.
The hobgoblin closely misses you. The hobgoblin hits you with a +0 club.
Okay, then.
It was a potion of enlightenment.
You feel very buoyant.
You fly up into the air.
The orc hits you with a +0 dagger. The hobgoblin hits you with a +0 club.
You block the hobgoblin's attack.
It was a potion of invisibility.
You fade into invisibility!
The orc barely misses you. The hobgoblin closely misses you.
The hobgoblin hits you but does no damage.
It was a potion of brilliance.
You feel clever all of a sudden. The orc hits you with a +0 dagger.
* * * LOW HITPOINT WARNING * * *
The hobgoblin closely misses you. You block the hobgoblin's attack.
The orc closely misses you. You block the hobgoblin's attack.
The hobgoblin barely misses you.
You puncture the hobgoblin!
The hobgoblin explodes!
The fiery explosion engulfs the goblin!! x2
You kill the goblin!
The fiery explosion engulfs you!!
Ouch! That really hurt!
You die...

......................)..........
.................................
~.~~~~~~~~.~~~.~~~.....~~~...~~.~
≈~~~~≈~~~~~~~~~~≈~.)...~~≈~≈~~≈~~
≈≈≈~~≈~≈≈≈≈~≈~≈≈~~....~~≈~≈≈~≈≈~~
≈≈≈≈≈~~≈≈≈≈≈≈≈≈≈≈......~≈≈≈≈≈≈≈~~
###################''##########**
,.......o#.§oo§og#....#,,,,,,,*,,
,.....g.o§§ggo§§@#....#,,,,,,,+,,
,......oo#########....##*******,,
*#####..........#......#,,,,,,,,,
##..........'......'..,,,,,,,
****##..........#......#...,,,,,,
,,,......#########....#####****,,
,,.......'.......#....#,,,,,,,+,,
,,.......#.......#....#,,,,,,,*,,
**########*******######**********


You could see 4 orcs, 2 hobgoblins and a goblin (unable to see you).

Vanquished Creatures
  Natasha (twice) (D:2)
  An adder (D:2)
  3 dart slugs
  An orc (D:3)
  4 bats
  5 endoplasms
  12 goblins
  8 hobgoblins
  7 jackals
  5 kobolds
  A quokka (D:1)
  6 ball pythons
  2 frilled lizards (D:1)
  8 rats
65 creatures vanquished.

Notes
Turn   | Place    | Note
-------+----------+-------------------------------------------
     0 | D:1      | Shayle the Demonspawn Reaver began the quest for the Orb.
     0 | D:1      | Reached XP level 1. HP: 16/16 MP: 3/3
   259 | D:1      | Gained mutation: Spells you cast may paralyse adjacent
                  | enemies. [demonic ancestry]
   259 | D:1      | Reached XP level 2. HP: 13/22 MP: 5/5
   372 | D:1      | Reached skill level 1 in Necromancy
  1087 | D:2      | Reached skill level 1 in Armour
  1196 | D:2      | Gained mutation: You are partially covered in large bone
                  | plates. (SH +4) [demonic ancestry]
  1196 | D:2      | Reached XP level 3. HP: 21/28 MP: 6/6
  1520 | D:2      | Noticed Natasha
  1534 | D:2      | Killed Natasha
  1567 | D:2      | Gained mutation: Spells you cast may paralyse nearby
                  | enemies. [demonic ancestry]
  1567 | D:2      | Reached XP level 4. HP: 33/34 MP: 7/7
  1576 | D:2      | Learned a level 2 spell: Blink
  1650 | D:2      | Noticed Natasha
  1663 | D:2      | Killed Natasha
  1853 | D:3      | Found a hide-covered altar of Uskayaw.
  1937 | D:3      | Found a stormy altar of Qazlal.
  2139 | D:3      | Killed by an exploding hobgoblin... ignited by their inner
                  | flame

Illustrated notes

Levels and vault maps discovered:
D:1:      dpeg_arrival_circle_labyrinth_c, layout_basic, chequers_avenue,
          chequers_garden, glass_columns_c
D:2:      layout_loops_ring, uniq_natasha
D:3:      minmay_goblin_kobold_castle, layout_rooms, grunt_qazlal_sundering,
          mainiacjoe_overflow_boulevard, mainiacjoe_overflow_surrounded_room,
          grunt_temple_overflow_diamond, serial_bayou_crossing

Skill      XL: |  1  2  3  4 |
---------------+-------------+-----
Necromancy     | 1 2 |  2.3
Armour         | 1 |  1.8
Fighting       | 3 |  3.0
Polearms       | |  2.6
Dodging        | |  1.7
Spellcasting   | |  2.9
Conjurations   | |  3.0

Action                     |  1- 3 |  4- 6 || total
---------------------------+-------+-------++-------
  Melee: Spear             |   146 |    63 ||   209
    Use: Scroll            |       |     7 ||     7
         Potion            |       |     7 ||     7
 Armour: Leather armour    |    70 |    55 ||   125
         Skin              |       |     1 ||     1
  Dodge: Dodged            |    79 |    48 ||   127
  Block: Other             |    19 |    58 ||    77
         Reflection        |       |     5 ||     5

Table legend: (Time is in decaauts)
 A = Elapsed time spent in this place.
 B = Non-inter-level travel time spent in this place.
 C = Inter-level travel time spent in this place.
 D = Time resting spent in this place.
 E = Time spent auto-exploring this place.
 F = Levels seen in this place.
 G = Mean time per level.
                   A        B        C        D        E       F      G
               +--------+--------+--------+--------+--------+-----+--------+
         Total |   2145 |   2002 |    143 |    216 |   1133 |   3 |  715.0 |
       Dungeon |   2145 |   2002 |    143 |    216 |   1133 |   3 |  715.0 |
               +--------+--------+--------+--------+--------+-----+--------+

Top non-repeatable levels by time:
     D:1: 1050 daAuts
     D:2: 608 daAuts
     D:3: 486 daAuts
